AoeStats
← [KMNB] Bandeira

African Clearing

506400911Analyzed
2v2 RM · 20d ago on Sep 13, 2026· 41m 10s· 4 players
Game mode
Random Map
Map size
Medium (4 player)
Population
200
Speed
Normal
Resources
Standard
Victory
Conquest
Starting age
Dark Age
Ending age
Imperial Age
RankedLock teamsTeams togetherTeam positionsShared explorationLock speedFull tech treeHidden civsTurbo modeCheats
Victory
Defeat
🇪🇸 Hindustanis · Spain
1467
+21
🇨🇳 Spanish · China
1448
+21
🇧🇷 Magyars · Brazil
1579
-21
🇧🇷 Italians · Brazil
1572
-21
winstonx9
6:38 Loom
13:36 Feudal Age
17:39 Castle Age
17:15 Double-Bit Axe
21:45 Horse Collar
25:12 Bow Saw
26:15 Heavy Plow
28:15 Scale Mail Armor
29:43 Chain Mail Armor
30:14 Wheelbarrow
30:26 Arson
31:00 Forging
31:35 Town Watch
34:59 Imperial Age
32:49 Hand Cart
33:14 Grand Trunk Road
33:44 Gold Mining
33:51 Stone Mining
35:06 Iron Casting
34:54 Fletching
36:11 Gold Shaft Mining
36:56 Two-Man Saw
37:19 Blast Furnace
36:25 Bodkin Arrow
37:38 Chemistry
38:57 Masonry
39:29 Hoardings
39:26 Siege Engineers
39:45 Conscription
39:28 Elite Ghulam
40:12 Squires
41:30 Bodkin Arrow
无助小羊
4:44 Loom
13:52 Feudal Age
18:47 Castle Age
17:17 Stone Mining
29:28 Padded Archer Armor
30:49 Double-Bit Axe
33:28 Leather Archer Armor
34:38 Wheelbarrow
34:29 Horse Collar
35:47 Husbandry
36:32 Bloodlines
42:52 Imperial Age
[KMNB] Dedão
5:21 Loom
13:45 Feudal Age
18:10 Castle Age
16:34 Double-Bit Axe
16:51 Gold Mining
18:44 Fletching
21:32 Horse Collar
22:34 Bodkin Arrow
26:35 Wheelbarrow
27:21 Ballistics
29:18 Padded Archer Armor
31:23 Bow Saw
31:34 Leather Archer Armor
31:40 Town Watch
35:48 Imperial Age
33:56 Heavy Plow
36:01 Hand Cart
36:24 Thumb Ring
36:40 Bracer
39:53 Chemistry
[KMNB] Bandeira
5:02 Loom
12:49 Feudal Age
17:09 Castle Age
37:42 Double-Bit Axe
40:41 Wheelbarrow
41:11 Horse Collar
Connection lost

Rejoining the realm…

Still unreachable

The connection could not be restored.

Session expired

The server has moved on; the page needs a fresh start.